 Dungeon Crawl Stone Soup version 0.18.1-5-g4a78601 (webtiles) character file.

210 streak324 the Ducker (level 5, 0/52 HPs)
             Began as a Troll Fighter on May 12, 2016.
             Slain by Sigmund
             ... wielding a +0 scythe
              (6 damage)
             ... on level 2 of the Dungeon.
             The game lasted 00:31:23 (2174 turns).

streak324 the Ducker (Troll Fighter)                Turns: 2174, Time: 00:31:24

Health: 0/52       AC:  7    Str: 25    XL:     5   Next: 56%
Magic:  0/7        EV:  8    Int:  4    God:
Gold:   125        SH:  0    Dex:  9    Spells: 0 memorised, 8 levels left

rFire  + + .     SeeInvis .     a - +0 long sword
rCold  . . .     Gourm    +     p - +2 robe {rF+}
rNeg   . . .     Faith    .     c - +1 shield
rPois  .         Spirit   +     (helmet restricted)
rElec  .         Dismiss  .     (no cloak)
rCorr  .         Reflect  .     (gloves unavailable)
SustAt .         Harm     .     (boots unavailable)
MR     .....                    j - amulet of guardian spirit
Stlth  +.........               (no ring)
                                (no ring)

@: confused, not resistant to hostile enchantments, very unstealthy
A: unfitting armour, claws 3, fire resistance 1, fast metabolism 3, gourmand,
regeneration 2, shaggy fur 1, tough skin 2
a: no special abilities


You were on level 2 of the Dungeon.
You were very full.

You visited 1 branch of the dungeon, and saw 3 of its levels.

You collected 125 gold pieces.

Inventory:

Hand Weapons
 a - a +0 long sword (weapon)
 k - a +0 club
 r - a +0 dagger of holy wrath
 s - a +0 mace
Armour
 b - a +0 robe
 c - a +1 shield (worn)
 g - a +0 ring mail
 i - a +1 robe of cold resistance
 p - a +2 robe of fire resistance (worn)
Jewellery
 h - an uncursed ring of poison resistance {unknown}
 j - an amulet of guardian spirit (around neck)
Scrolls
 e - a scroll of teleportation
 f - a scroll of random uselessness {unknown}
 l - 3 scrolls of remove curse {unknown}
 m - a scroll of enchant weapon {unknown}
 n - a scroll of fog {unknown}
 u - 2 scrolls of identify
Potions
 d - a potion of might
 o - 2 potions of curing {unknown}
Comestibles
 t - 2 chunks of flesh


   Skills:
 - Level 2.8 Fighting
 + Level 0.1(1.0) Short Blades
 - Level 1.6 Long Blades
 + Level 0.1 Maces & Flails
 + Level 0.1 Throwing
 + Level 0.2 Armour
 - Level 3.2 Dodging
 - Level 2.7 Shields
 + Level 0.6 Unarmed Combat
 * Level 2.2 Spellcasting


You had 8 spell levels left.
You didn't know any spells.

Dungeon Overview and Level Annotations

Branches:
Dungeon (3/15)

Altars:
Kikubaaqudgha

Annotations:
D:2 Sigmund


Innate Abilities, Weirdness & Mutations

You are too large for most types of armour.
You have claws for hands.
Your metabolism is lightning-fast.
You like to eat raw meat.
You heal very quickly.
You are covered in fur (AC +1).
You have very tough skin (AC +2).
Your flesh is heat resistant.


Message History

You hear some strange, mumbled words.
Something tries to affect you, but you resist.
Something hits you but does no damage.
You closely miss something.
You hear some strange, mumbled words.
A magic dart appears from out of thin air!
The magic dart hits you!
* * * LOW HITPOINT WARNING * * *
You hear some strange, mumbled words.
You are confused.
Something hits you.
* * * LOW HITPOINT WARNING * * *
You see here a bat corpse.
You're too confused!
Eat one of 3 chunks of flesh? (ye/n/q/i?) Eat which item? (? for menu, Esc to quit)
This raw flesh tastes great.
You continue eating.
Something hits you!
You die...

#...# ### . #.%.# #..
#... #...# #.. .....
#...# #..
......###########...##
#..
#..............##....#
#..
#.........#######....#
#..
#.....###..@{........##
###
#.......######.#......#
#.# #...###....# # #.##
##).# .... #..#####...#
#># ##.......#..# #
####..####....##.#
#.....## ###..... #<.
#......## ##..###


There were no monsters in sight!

Vanquished Creatures
  An orc priest (D:3)
  An orc wizard (D:3)
  Jessica (D:2)
  Ijyb (D:3)
  4 adders
  2 oozes
  2 worms (D:2)
  3 dart slugs
  An orc (D:3)
  2 ball pythons (D:2)
  10 bats
  A giant cockroach (D:1)
  5 goblins
  5 hobgoblins
  2 kobolds
  A quokka (D:3)
  4 giant newts
  6 rats
  A bush (D:2)
  A plant (D:2)
54 creatures vanquished.

Notes
Turn   | Place    | Note
--------------------------------------------------------------
     0 | D:1      | streak324 the Troll Fighter began the quest for the Orb.
     0 | D:1      | Reached XP level 1. HP: 22/22 MP: 0/0
   598 | D:1      | Reached XP level 2. HP: 27/29 MP: 1/1
   960 | D:2      | Noticed Jessica
   965 | D:2      | Killed Jessica
   965 | D:2      | Reached skill level 3 in Dodging
   965 | D:2      | Reached XP level 3. HP: 36/36 MP: 2/2
  1228 | D:2      | Reached XP level 4. HP: 41/44 MP: 3/3
  1278 | D:2      | Gained mutation: Your flesh is heat resistant. [potion of beneficial mutation]
  1734 | D:3      | Reached skill level 1 in Spellcasting
  1766 | D:3      | Reached XP level 5. HP: 28/52 MP: 4/6
  1811 | D:3      | Found an ancient bone altar of Kikubaaqudgha.
  2001 | D:3      | Noticed Ijyb
  2013 | D:3      | Killed Ijyb
  2125 | D:2      | Noticed Sigmund
  2174 | D:2      | Slain by Sigmund

Skill      XL: |  1  2  3  4  5 |
---------------+----------------+-----
Dodging        | 3 |  3.2
Spellcasting   | 1 2 |  2.2
Fighting       | |  2.8
Short Blades   | |  0.1
Long Blades    | |  1.6
Maces & Flails | |  0.1
Throwing       | |  0.1
Armour         | |  0.2
Shields        | |  2.7
Unarmed Combat | |  0.6

Action                   |  1- 3 |  4- 6 || total
-------------------------+-------+-------++-------
Melee: Long sword        |    98 |   193 ||   291
  Use: Scroll            |     4 |     1 ||     5
       Potion            |       |     3 ||     3
  Eat: Bread ration      |     3 |       ||     3
       Chunk             |     2 |     6 ||     8
       Meat ration       |       |     1 ||     1
Armor: Robe              |   117 |    56 ||   173
       Skin              |       |     2 ||     2
Dodge: Dodged            |   104 |    53 ||   157
Block: Shield            |   102 |    75 ||   177
